 Dungeon Crawl Stone Soup version 0.23.2-40-g277498a001 (webtiles) character file.

Game seed: 17606949013724597368

335 KnightHorse the Poker (level 6, -1/48 HPs)
             Began as a Human Chaos Knight on Sept 30, 2019.
             Was a Plaything of Xom.
             Slain by an iguana (8 damage)
             ... on level 4 of the Dungeon.
             The game lasted 00:43:28 (5140 turns).

KnightHorse the Poker (Human Chaos Knight)          Turns: 5140, Time: 00:43:29

Health: -1/48      AC:  5    Str: 15      XL:     6   Next: 84%
Magic:  6/6        EV: 12    Int: 14      God:    Xom [....*.]
Gold:   84         SH:  0    Dex: 10 (12) Spells: 5/5 levels left

rFire    . . .     SeeInvis .   e - staff of wizardry
rCold    + . .     Gourm    .   (no shield)
rNeg     . . .     Faith    .   b - +2 leather armour
rPois    .         Spirit   .   (no helmet)
rElec    .         Reflect  .   (no cloak)
rCorr    .         Harm     .   (no gloves)
MR       .....     Clarity  +   (no boots)
Stlth    ++........             (no amulet)
HPRegen  0.16/turn              (no ring)
MPRegen  0.10/turn              (no ring)

@: vulnerable
A: clarity, clever 1, cold resistance 1
a: Renounce Religion


You were on level 4 of the Dungeon.
You worshipped Xom.
You were a beloved toy of Xom.
You were not hungry.

You visited 1 branch of the dungeon, and saw 4 of its levels.

You collected 84 gold pieces.

Inventory:

Hand Weapons
 a - a +0 spear of chaos
 f - a +1 scythe of venom
 g - a +0 falchion
 i - a +0 spear
 k - a +0 blowgun
Missiles
 d - 58 stones
 p - 22 arrows
 r - 14 sling bullets
 t - 29 poisoned needles
 v - 4 tomahawks (quivered)
Armour
 b - a +2 leather armour (worn)
 j - a +0 chain mail
 m - a +0 pair of boots
 n - a +0 ring mail
 x - a +0 large shield
Magical Staves
 e - an uncursed staff of wizardry (weapon)
 h - an uncursed staff of power
 s - an uncursed staff of summoning
Jewellery
 w - a cursed ring of attention
Wands
 y - a wand of iceblast (11)
Scrolls
 l - a scroll of remove curse
 o - a scroll of vulnerability
 A - a scroll of magic mapping
Potions
 u - a potion of agility {unknown}
Comestibles
 c - 9 rations
 q - 2 chunks of flesh


   Skills:
 * Level 4.1 Fighting
 + Level 4.3(4.4) Polearms
 * Level 0.8(2.8) Staves
 + Level 1.2 Throwing
 * Level 3.3 Armour
 + Level 2.4 Dodging
 + Level 2.1 Stealth


You had 5 spell levels left.
You didn't know any spells.
Your spell library was empty.

Dungeon Overview and Level Annotations

Branches:
Dungeon (4/15)
 Temple: D:4-7

Altars:
Wu Jian
Xom

Annotations:
D:2 exclusion: bullfrog


Innate Abilities, Weirdness & Mutations

You possess an exceptional clarity of mind.
Your mind is acute. (Int +2)
Your flesh is cold resistant. (rC+)


Message History

Something appears at your feet! The iguana barely misses you.
e - a thick runed staff {god gift} The iguana misses you.
Wield which item (- for none, * to show all)? (? for menu, Esc to quit)
You feel your magic capacity decrease.
e - an uncursed staff of wizardry (weapon)
Xom's power touches on you for a moment.
Something appears in a flash of light!
The iguana bites you but does no damage.
You barely miss the iguana.
The iguana is moderately wounded.
The iguana bites you but does no damage.
You hit the iguana.
The iguana is moderately wounded.
The iguana closely misses you.
You hit the iguana but do no damage.
The iguana is moderately wounded.
The iguana bites you!
You die...

*** ,,* ***#####** ##########
,,****,,......#########........##
,,+,,+,,......5l@.....'........'>
,,****,,......#########........#.
,,* **,..###***,,,,,*#........#.
*******,,,******,,,,,*#........#)
,,,,,,,,,,*,,,,*,,,,,*#........#)
******,,,,,,,,,*,,,,,*##########.
,,*,,*****,,,,,*,,,,,* #.
*,*,,+,* **,,,,*,*,,,*** #.
,,*+******,,,,,,,***,,,*** #.


You could see an iguana and an iron imp.

Vanquished Creatures
  A bullfrog (D:2)
  An orc wizard (D:4)
  A gnoll (D:1)
  6 adders
  An ooze (D:3)
  A worm (D:3)
  3 dart slugs
  4 leopard geckos
  9 orcs
  3 ball pythons
  2 giant cockroaches
  5 goblins
  4 hobgoblins
  3 jackals (D:3)
  2 quokkas
  5 bats
  4 frilled lizards
  11 kobolds
  9 rats
75 creatures vanquished.

Vanquished Creatures (collateral kills)
  Sigmund (D:3)
  A gnoll (D:3)
  An adder (D:3)
  2 orcs (D:3)
5 creatures vanquished.

Grand Total: 80 creatures vanquished

Notes
Turn   | Place    | Note
-------+----------+-------------------------------------------
     0 | D:1      | KnightHorse the Human Chaos Knight began the quest for the
                  | Orb.
     0 | D:1      | Reached XP level 1. HP: 18/18 MP: 1/1
    42 | D:1      | XOM: butterfly on damage
   229 | D:1      | XOM: harmless Erth miscast
   366 | D:2      | Reached XP level 2. HP: 24/24 MP: 2/2
   472 | D:1      | Reached XP level 3. HP: 25/29 MP: 3/3
   714 | D:1      | Reached skill level 1 in Stealth
  1021 | D:1      | XOM is BORED!
  1021 | D:1      | XOM: medium Ice miscast
  1301 | D:2      | Reached XP level 4. HP: 28/35 MP: 4/4
  1458 | D:2      | XOM: silly message
  1466 | D:2      | XOM: harmless Tmut miscast
  1861 | D:2      | XOM: divination: detect creatures
  1892 | D:2      | Noticed a bullfrog
  1892 | D:2      | a worm changed into a bullfrog
  1909 | D:2      | Killed a bullfrog
  1909 | D:2      | Reached XP level 5. HP: 15/41 MP: 5/5
  2322 | D:3      | Noticed Sigmund
  2396 | D:2      | XOM: divination: detect items
  2682 | D:3      | XOM: cast spell 'Olgreb's Toxic Radiance'
  2761 | D:3      | Killed Sigmund
  2761 | D:3      | Reached XP level 6. HP: 44/48 MP: 6/6
  2779 | D:3      | XOM: stat loss: -1 Dex (10/12)
  2793 | D:3      | Reached skill level 1 in Throwing
  3102 | D:3      | XOM: god gift: crooked runed staff {god gift}
  3373 | D:3      | XOM: scenery: create altars
  3472 | D:4      | XOM: cleaving
  3507 | D:3      | XOM: 2-stop teleportation journey
  3765 | D:3      | XOM: mild Tloc miscast
  4068 | D:3      | XOM: cloud trail
  4104 | D:3      | Gained mutation: You tend to lose your temper in combat.
                  | [mutagenic glow]
  4646 | D:4      | Found an ornate altar of the Wu Jian Council.
  4703 | D:4      | XOM: summons 5 friendly demons
  4806 | D:4      | XOM: god gift: 2 scrolls labeled DATEUXOURUF {god gift}
  5135 | D:4      | Lost mutation: You tend to lose your temper in combat.
                  | [potion of mutation]
  5135 | D:4      | Gained mutation: You possess an exceptional clarity of
                  | mind. [potion of mutation]
  5135 | D:4      | Gained mutation: Your mind is acute. (Int +2) [potion of
                  | mutation]
  5135 | D:4      | Gained mutation: Your flesh is cold resistant. (rC+)
                  | [potion of mutation]
  5135 | D:4      | XOM: god gift: thick runed staff {god gift}
  5137 | D:4      | XOM: mild Summ miscast
  5140 | D:4      | Slain by an iguana

Skill      XL: |  1  2  3  4  5  6 |
---------------+-------------------+-----
Stealth        | 1 2 |  2.1
Polearms       | 4 |  4.3
Dodging        | 2 |  2.4
Armour         | 3 |  3.3
Throwing       | 1 |  1.2
Fighting       | 4 |  4.1
Staves         | |  0.8

Action                   |  1- 3 |  4- 6 || total
-------------------------+-------+-------++-------
Melee: Spear             |    84 |    60 ||   144
       Staff             |       |   177 ||   177
Throw: Stone             |       |    13 ||    13
       Tomahawk          |       |     6 ||     6
  Use: Scroll            |       |     9 ||     9
       Potion            |       |     7 ||     7
 Stab: Paralysed         |     1 |     1 ||     2
       Sleeping          |     2 |     4 ||     6
  Eat: Ration            |     1 |     3 ||     4
Armor: Leather armour    |    17 |    57 ||    74
Dodge: Dodged            |    32 |   153 ||   185
